 Dungeon Crawl Stone Soup version 0.19.1 (webtiles) character file.

1663 smedtjen the Magician (level 8, -9/57 HPs)
             Began as a High Elf Fire Elementalist on Dec 8, 2016.
             Was an Initiate of Vehumet.
             Mangled by Duvessa
             ... wielding a +0 short sword
              (15 damage)
             ... on level 6 of the Dungeon.
             The game lasted 00:54:07 (7648 turns).

smedtjen the Magician (High Elf Fire Elementalist)  Turns: 7648, Time: 00:54:08

Health: -9/57      AC:  7    Str:  9    XL:     8   Next: 69%
Magic:  1/19       EV: 13    Int: 22    God:    Vehumet [......]
Gold:   254        SH:  0    Dex: 13    Spells: 6 memorised, 6 levels left

rFire  . . .     SeeInvis .     A - +5 quarterstaff (chaos)
rCold  + . .     Gourm    .     a - +2 robe
rNeg   . . .     Faith    .     (shield currently unavailable)
rPois  +         Spirit   .     (helmet restricted)
rElec  .         Reflect  .     E - +2 cloak {rPois}
rCorr  +         Harm     .     (no gloves)
MR     .....                    (no boots)
Stlth  +.........               (no amulet)
                                J - ring of protection from cold
                                y - ring of resist corrosion

@: very slightly contaminated, glowing
A: horns 1, clumsy 1, robust 2, strong 1
a: Renounce Religion


You were on level 6 of the Dungeon.
You worshipped Vehumet.
Vehumet was noncommittal.
You were not hungry.

You visited 2 branches of the dungeon, and saw 7 of its levels.

You collected 404 gold pieces.
You spent 150 gold pieces at shops.

Inventory:

Hand Weapons
 d - a +0 short sword
 m - a +2 long sword of slicing
 o - a +2 dagger of freezing
 u - a +2 dagger of protection
 w - a +1 long sword
 A - a +5 quarterstaff of chaos (weapon)
Armour
 a - a +2 robe (worn)
 E - a +2 cloak of poison resistance (worn)
Rods
 e - a +0 lightning rod (12/12)
   (You found it on level 6 of the Dungeon)
Jewellery
 k - an uncursed amulet of harm
 y - a ring of resist corrosion (left hand)
 J - a ring of protection from cold (right hand)
Scrolls
 g - 2 scrolls of teleportation
 h - 4 scrolls of remove curse
 n - a scroll of magic mapping
 q - 3 scrolls of enchant armour
 r - a scroll of random uselessness
 s - 3 scrolls of identify
Potions
 f - 4 potions of lignification {unknown}
 i - a potion of agility
 j - a potion of might {unknown}
 p - a potion of haste {unknown}
 t - 2 potions of heal wounds
 v - a potion of resistance {unknown}
 z - a potion of ambrosia
 B - a potion of brilliance
 D - a potion of curing
 F - a potion of berserk rage {unknown}
Books
 b - a book of Flames

   Spells                             Type                      Level
   a - Flame Tongue                   Conjuration/Fire             1
   b - Throw Flame                    Conjuration/Fire             2
   c - Conjure Flame                  Conjuration/Fire             3
   d - Inner Flame                    Hexes/Fire                   3
   e - Sticky Flame                   Conjuration/Fire             4
   f - Fireball                       Conjuration/Fire             5
 G - a book of Geomancy

   Spells                             Type                      Level
   a - Sandblast                      Earth                        1
   b - Passwall                       Transmutation/Earth          2
   c - Stone Arrow                    Conjuration/Earth            3
   d - Petrify                        Transmutation/Earth          4
   e - Lee's Rapid Deconstruction     Earth                        5
 H - a book of Cantrips

   Spells                             Type                      Level
   a - Confusing Touch                Hexes                        1
   b - Animate Skeleton               Necromancy                   1
   c - Summon Small Mammal            Summoning                    1
   d - Apportation                    Translocation                1
Comestibles
 c - 5 bread rations
 l - a slice of pizza
 x - a beef jerky
 C - 4 fruits


   Skills:
 + Level 1.2 Fighting
 * Level 5.4 Long Blades
 + Level 1.0 Staves
 + Level 2.9 Dodging
 + Level 3.6 Stealth
 + Level 6.8 Spellcasting
 + Level 5.2 Conjurations
 + Level 1.1 Summonings
 + Level 0.1 Necromancy
 + Level 5.9 Fire Magic


You had 6 spell levels left.
You knew the following spells:

 Your Spells              Type           Power        Failure   Level  Hunger
a - Flame Tongue          Conj/Fire      ####.        1%          1    None
b - Throw Flame           Conj/Fire      ####..       1%          2    None
c - Sticky Flame          Conj/Fire      ####....     12%         4    ###....
d - Fireball              Conj/Fire      ####......   28%         5    #####..
e - Animate Skeleton      Necr           N/A          10%         1    None
f - Summon Small Mammal   Summ           ##..         8%          1    None


Dungeon Overview and Level Annotations

Branches:
Dungeon (6/15)             Temple (1/1) D:5

Altars:
Ashenzari
Cheibriados
Dithmenos
Elyvilon
Fedhas
Gozag
Hepliaklqana
Kikubaaqudgha
Makhleb
Nemelex Xobeh
Okawaru
Ru
Sif Muna
Trog
Uskayaw
Vehumet
Xom
Yredelemnul
The Shining One

Shops:
D:5 *

Annotations:
D:6 Duvessa


Innate Abilities, Weirdness & Mutations

You have a pair of small horns on your head.
You are clumsy. (Dex -2)
You are very robust. (+20% HP)
Your muscles are strong. (Str +2)


Message History

Confirm with . or Enter, or press ? or * to list all spells.
Aiming: Flame Tongue
Press: ? - help, Shift-Dir - straight line, f/p - Duvessa
Aim: Duvessa, wielding a short sword (heavily wounded, berserk, fast, unusually strong)
The flame tongue hits Duvessa.
Duvessa is heavily wounded.
Duvessa hits you with a short sword.
The crimson imp blinks!
Casting: Flame Tongue
Confirm with . or Enter, or press ? or * to list all spells.
You don't have enough magic to cast that spell.
Unknown command.
You hit Duvessa.
Duvessa is heavily wounded.
Duvessa hits you with a short sword. Duvessa hits you with a short sword!
You sock Duvessa!
Duvessa is severely wounded.
Duvessa hits you with a short sword!
* * * LOW HITPOINT WARNING * * *
Duvessa hits you with a short sword!
You die...

#. .# .# .# #z# ###
#z# ..# ## ##e# #.#
#.# ##@#.# #.## #.##
##.###.## #.#.###..
#.## ##.## #.##.#.##
#..###...###.###.###
#.#.#.##......≈.....
#.##.#######.....###
#.##.# ##.........
#.##.#####.....#####
#.##...........# #


You could see Duvessa (berserk) and 2 wights.

Vanquished Creatures
  Sigmund (D:6)
  2 ice beasts (D:5)
  An orc warrior (D:6)
  3 sky beasts
  An ogre (D:4)
  A bullfrog (D:6)
  Dowan (D:6)
  2 scorpions
  2 howler monkeys
  2 crimson imps (D:5)
  2 hounds (D:5)
  A jelly (D:5)
  An orc priest (D:4)
  Crazy Yiuf (D:4)
  A centaur skeleton (D:4)
  A bullfrog skeleton (D:4)
  2 orc wizards (D:5)
  2 worker ants (D:4)
  A hound zombie (D:5)
  8 adders
  3 shadow imps
  2 oozes
  2 adder skeletons (D:5)
  2 worms
  2 dart slugs
  5 leopard geckos
  10 orcs
  A ball python (D:4)
  6 giant cockroaches
  2 gnoll zombies (D:5)
  9 goblins
  11 hobgoblins
  3 jackals (D:1)
  2 quokkas
  5 bats
  5 frilled lizards
  7 kobolds
  6 rats
119 creatures vanquished.

Notes
Turn   | Place    | Note
-------+----------+-------------------------------------------
     0 | D:1      | smedtjen the High Elf Fire Elementalist began the quest for the Orb.
     0 | D:1      | Reached XP level 1. HP: 11/11 MP: 4/4
   574 | D:1      | Reached XP level 2. HP: 11/17 MP: 3/6
   810 | D:1      | Learned a level 2 spell: Throw Flame
  1273 | D:1      | Reached skill level 3 in Spellcasting
  1494 | D:2      | Reached XP level 3. HP: 10/21 MP: 1/8
  1852 | D:2      | Found an ancient bone altar of Kikubaaqudgha.
  2601 | D:3      | Found an iron altar of Okawaru.
  2994 | D:3      | Reached XP level 4. HP: 27/27 MP: 5/10
  3654 | D:4      | Reached skill level 1 in Long Blades
  3654 | D:4      | Reached XP level 5. HP: 29/32 MP: 1/11
  3795 | D:4      | Reached skill level 4 in Spellcasting
  4063 | D:4      | Found a shattered altar of Ashenzari.
  4115 | D:4      | Found a runed door.
  4367 | D:4      | Reached XP level 6. HP: 31/37 MP: 5/13
  4864 | D:4      | Noticed Crazy Yiuf
  4875 | D:4      | Killed Crazy Yiuf
  5564 | D:5      | Entered Level 5 of the Dungeon
  5579 | D:5      | Reached XP level 7. HP: 42/42 MP: 3/15
  5821 | D:5      | Reached skill level 5 in Spellcasting
  5843 | D:6      | Reached skill level 5 in Fire Magic
  6061 | D:5      | Found a sacrificial altar of Ru.
  6255 | D:5      | Found Kauh's Assorted Antiques.
  6298 | D:5      | Reached skill level 1 in Fighting
  6391 | D:5      | Bought an encrusted gilded ring for 150 gold pieces
  6437 | D:5      | Learned a level 5 spell: Fireball
  6575 | D:5      | Learned a level 1 spell: Summon Small Mammal
  6577 | D:5      | Learned a level 1 spell: Animate Skeleton
  6663 | D:5      | Reached XP level 8. HP: 48/48 MP: 13/17
  6665 | D:5      | Found a staircase to the Ecumenical Temple.
  6668 | D:5      | Reached skill level 6 in Spellcasting
  6702 | Temple   | Entered the Ecumenical Temple
  6967 | Temple   | Became a worshipper of Vehumet
  7208 | D:5      | Found a basalt altar of Yredelemnul.
  7269 | D:6      | Noticed Sigmund
  7279 | D:6      | Killed Sigmund
  7293 | D:6      | Reached skill level 5 in Conjurations
  7322 | D:5      | Reached skill level 5 in Long Blades
  7322 | D:5      | Reached skill level 1 in Summonings
  7505 | D:5      | Gained mutation: You are robust. (+10% HP) [mutagenic meat]
  7506 | D:5      | Gained mutation: Your muscles are strong. (Str +2) [mutagenic meat]
  7507 | D:5      | Gained mutation: You have a pair of small horns on your head. [mutagenic meat]
  7508 | D:5      | Gained mutation: You are very robust. (+20% HP) [mutagenic meat]
  7573 | D:6      | Reached skill level 1 in Staves
  7578 | D:6      | Gained mutation: You are clumsy. (Dex -2) [mutagenic meat]
  7601 | D:6      | Learned a level 4 spell: Sticky Flame
  7634 | D:6      | Noticed Dowan
  7636 | D:6      | Noticed Duvessa
  7641 | D:6      | Killed Dowan
  7648 | D:6      | Mangled by Duvessa

Skill      XL: |  1  2  3  4  5  6  7  8 |
---------------+-------------------------+-----
Spellcasting   | 3 4 5 6 |  6.8
Conjurations   | 2 3 4 5 |  5.2
Long Blades    | 1 2 4 5 |  5.4
Fire Magic     | 4 5 |  5.9
Stealth        | 3 |  3.6
Fighting       | 1 |  1.2
Summonings     | 1 |  1.1
Staves         | 1 |  1.0
Dodging        | |  2.9
Necromancy     | |  0.1

Action                   |  1- 3 |  4- 6 |  7- 9 || total
-------------------------+-------+-------+-------++-------
Melee: Short sword       |     9 |       |       ||     9
       Dagger            |    25 |       |       ||    25
       Long sword        |     4 |     2 |       ||     6
       Quarterstaff      |       |     2 |    27 ||    29
       Headbutt          |       |       |     1 ||     1
 Cast: Flame Tongue      |    40 |    66 |    70 ||   176
       Throw Flame       |    23 |    33 |    37 ||    93
       Summon Small Mamm |       |       |     6 ||     6
       Fireball          |       |       |     1 ||     1
       Animate Skeleton  |       |       |     1 ||     1
  Use: Scroll            |       |    12 |     2 ||    14
       Potion            |       |       |     4 ||     4
 Stab: Paralysed         |       |       |     2 ||     2
  Eat: Chunk             |     3 |     2 |     7 ||    12
       Bread ration      |     1 |       |       ||     1
       Meat ration       |       |     2 |     1 ||     3
Armor: Robe              |    10 |     8 |    24 ||    42
Dodge: Dodged            |    25 |    26 |    33 ||    84
       Rpst.: Long sword |       |     7 |       ||     7
